 Dungeon Crawl Stone Soup version 0.31-b1-22-gc680215f68 (webtiles) character file.

Game seed: 15966159546844044623

143231 Kallu the Gelid (level 16, -9/134 HPs)
             Began as a Demigod Ice Elementalist on Jan 18, 2024.
             Mangled by a +1 dire flail of protection (33 damage)
             ... on level 3 of the Elven Halls.
             The game lasted 01:32:39 (35832 turns).

Kallu the Gelid (Demigod Ice Elementalist)         Turns: 35832, Time: 01:32:39

Health: -9/134     AC: 11    Str:  9    XL:     16   Next: 30%
Magic:  6/46       EV: 21    Int: 41    God:
Gold:   2514       SH:  0    Dex: 18    Spells: 15/39 levels left

rFire   + . .        a - +2 Maxwell's thermic engine {flame, freeze, rev}
rCold   + + .        (no shield)
rNeg    + . .        V - +3 leather armour {rC+ rF+}
rPois   +            J - +0 helmet
rElec   +            m - scarf of the Scuffed God {+Inv, Rampage Int+4}
rCorr   +            k - +2 pair of gloves {infuse}
SInv    .            i - +0 pair of boots of the Dozen Tables {rPois rC+ Dex+4}
Will    +....        Z - amulet of Xom's Bemusement {Regen+ rCorr Slay+2}
Stlth   +++          p - ring of Accord {rElec rN+ MP+9}
HPRegen 1.22/turn    I - +5 ring of evasion
MPRegen 0.30/turn

%: rampage, infuse magic (1 MP)
@: about to teleport
A: high MP 1, forlorn, divine attributes
a: Evoke Invisibility


You were on level 3 of the Elven Halls.
You visited 4 branches of the dungeon, and saw 25 of its levels.
You also visited: Sewer, Gauntlet and Ice Cave.

You collected 3024 gold pieces.
You spent 510 gold pieces at shops.

Inventory:

Hand Weapons
 a - the +2 Maxwell's thermic engine (weapon) {flame, freeze, rev}
   (You took it off a minotaur in a Gauntlet)
Missiles
 e - 9 curare-tipped darts
 X - 8 silver javelins
Armour
 i - the +0 pair of boots of the Dozen Tables (worn) {rPois rC+ Dex+4}
   (You acquired it on level 5 of the Dungeon)

   Dex+4:     It affects your dexterity (+4).
   rC+:       It protects you from cold.
   rPois:     It protects you from poison
 k - a +2 pair of gloves of infusion (worn)
 m - the scarf of the Scuffed God (worn) {+Inv, Rampage Int+4}
   (You found it in a Gauntlet)

   Int+4:     It affects your intelligence (+4).
   Rampage:   It bestows one free step when moving towards enemies.
 J - a +0 helmet (worn)
 S - the +4 ring mail "Neczue" {+Blink rPois rF+ rN+}
   (You found it in an ice cave)

   rF+:       It protects you from fire.
   rPois:     It protects you from poison rN+: It protects you from negative
   energy.
   +Blink:    It lets you blink.
 V - a +3 leather armour of resistance (worn)
Jewellery
 p - the ring of Accord (left hand) {rElec rN+ MP+9}
   (You found it in a Gauntlet)

   [ring of magical power]

   rElec:     It insulates you from electricity.
   rN+:       It protects you from negative energy.
   MP+9:      It affects your magic capacity (+9).
 q - the ring of Tut Ipp {rN+ Str-5 Int+6}
   (You found it on level 5 of the Lair of Beasts)

   [ring of positive energy]

   Str-5:     It affects your strength (-5).
   Int+6:     It affects your intelligence (+6).
   rN+:       It protects you from negative energy.
 x - the ring of Deusoacet {Ice rElec Stlth+}
   (You found it in an ice cave)

   [ring of ice]

   Ice:       It enhances your ice magic.
   rF-:       It makes you vulnerable to fire.
   rC+:       It protects you from cold.
   rElec:     It insulates you from electricity.
   Stlth+:    It makes you more stealthy.
 I - a +5 ring of evasion (right hand)
 N - a ring of willpower
 Z - the amulet of Xom's Bemusement (around neck) {Regen+ rCorr Slay+2}
   (You found it in a Gauntlet)

   [amulet of regeneration]

   Slay+2:    It affects your accuracy & damage with ranged weapons and melee
   (+2).
   Regen+:    It increases your rate of health regeneration.
   rCorr:     It protects you from acid and corrosion.
Wands
 l - a wand of polymorph (3)
 G - a wand of roots (18)
 H - a wand of charming (32)
 L - a wand of digging (25)
 M - a wand of quicksilver (14)
 P - a wand of flame (44)
Scrolls
 c - 9 scrolls of enchant weapon
 f - 8 scrolls of fog
 o - 3 scrolls of amnesia
 t - 9 scrolls of poison
 u - 4 scrolls of fear
 w - 8 scrolls of vulnerability
 y - 7 scrolls of teleportation
 A - 4 scrolls of summoning
 D - a scroll of blinking
 F - 2 scrolls of immolation
 T - 2 scrolls of revelation
 Y - a scroll of torment
Potions
 b - 3 potions of magic
 d - 4 potions of haste
 h - 7 potions of curing
 j - a potion of mutation
 r - 3 potions of ambrosia
 s - 3 potions of attraction
 v - 4 potions of brilliance
 z - a potion of lignification
 B - 5 potions of invisibility
 C - 4 potions of enlightenment
 E - 2 potions of might
 K - a potion of berserk rage
 O - 3 potions of cancellation
 Q - 4 potions of resistance
 U - 8 potions of heal wounds
Miscellaneous
 g - a phantom mirror
 n - a phial of floods
 R - a lightning rod (4/4)
 W - a condenser vane


   Skills:
 - Level 10.0 Fighting
 - Level 8.0 Long Blades
 - Level 2.0 Armour
 - Level 9.0 Dodging
 - Level 4.0 Stealth
 - Level 12.0 Spellcasting
 - Level 4.0 Summonings
 + Level 15.5 Ice Magic
 - Level 12.0 Air Magic
 - Level 6.0 Evocations


You had 15 spell levels left.
You knew the following spells:

 Your Spells              Type           Power      Damage    Failure   Level
a - Freeze                Ice            100%       1d10      0%          1
b - Frozen Ramparts       Ice            100%       1d16      0%          3
c - Ozocubu's Armour      Ice            100%       N/A       0%          3
d - Summon Ice Beast      Ice/Summ       81%        N/A       1%          3
e - Ozocubu's Refrigerat  Ice            50%        4d18      2%          7
f - Airstrike             Air            44%        2d(7-23)  1%          4
g - Swiftness             Air            89%        N/A       1%          3

Your spell library contained the following spells:

 Spells                   Type           Power      Damage    Failure   Level
 Apportation              Tloc           48%        N/A       1%          1
 Kiss of Death            Conj/Necr      96%        2d12      1%          1
 Magic Dart               Conj           96%        1d7       1%          1
 Necrotise                Necr           96%        1d8       1%          1
 Shock                    Conj/Air       100%       1d9       1%          1
 Slow                     Hex            96%        N/A       1%          1
 Cigotuvi's Dreadful Rot  Necr/Alch/Air  100%       N/A       1%          2
 Call Canine Familiar     Summ           55%        N/A       1%          3
 Hailstorm                Conj/Ice       73%        3d13      1%          3
 Vhi's Electric Charge    Tloc/Air       100%       N/A       1%          4
 Freezing Cloud           Conj/Ice/Air   39%        6-21      1%          5
 Blink                    Tloc           48%        N/A       2%          2
 Jinxbite                 Hex            48%        N/A       2%          2
 Lesser Beckoning         Tloc           48%        N/A       2%          2
 Momentum Strike          Conj/Tloc      48%        3d9       2%          2
 Searing Ray              Conj           48%        2d6       2%          2
 Arcjolt                  Conj/Air       32%        1d42      4%          5
 Confusing Touch          Hex            24%        N/A       5%          3
 Sigil of Binding         Hex            24%        N/A       5%          3
 Vampiric Draining        Necr           24%        2d7       5%          3
 Martyr's Knell           Necr/Summ      41%        N/A       8%          4
 Sculpt Simulacrum        Ice/Alch       36%        N/A       12%         6
 Anguish                  Hex/Necr       12%        N/A       19%         4
 Cause Fear               Hex            12%        N/A       19%         4
 Dimensional Bullseye     Hex/Tloc       12%        N/A       19%         4
 Dispel Undead            Necr           24%        3d12      19%         4
 Fulminant Prism          Conj/Alch      12%        3d9       19%         4
 Ignite Poison            Fire/Alch      24%        N/A       19%         4
 Summon Mana Viper        Hex/Summ       41%        N/A       22%         5
 Plasma Beam              Fire/Air       32%        2x1d45    24%         6
 Alistair's Intoxication  Alch           16%        N/A       45%         5
 Curse of Agony           Necr           24%        N/A       45%         5
 Maxwell's Capacitive Co  Air            44%        ∞         65%         8
 Monstrous Menagerie      Summ           27%        N/A       96%         7
 Polar Vortex             Ice            50%        12d6*     97%         9
 Enfeeble                 Hex            12%        N/A       100%        7


Dungeon Overview and Level Annotations

Branches:
Dungeon (15/15)            Temple (0/1) D:5            Lair (5/5) D:10
  Swamp (0/4) Lair:3       Spider (0/4) Lair:3        Slime (0/5) Lair:4
    Orc (2/2) D:11            Elf (3/3) Orc:2        Vaults (0/5) D:14
 Depths (0/4) D:15          Sewer (visited)           IceCv (visited)
Gauntlet (visited)

Shops:
D:12 (   D:14 *   Orc:2 *:=   Elf:2 (

Portals:
Abyss: D:13
Trove: Elf:1 (give +3 storm dragon scales)

Annotations:
D:9 3 runed translucent doors, Valeaz's ghost, journeyman GnAE
D:10 2 transporters, aloneDruid's ghost, journeyman OpSh
D:13 2 transporters, Kokhlaf's ghost, journeyman DECj
Elf:2 3 runed translucent doors


Innate Abilities, Weirdness & Mutations

You have an increased reservoir of magic. (+10% MP)
You shall have no god before yourself.
Your divine heritage dramatically boosts your attributes as you level up.


Message History

You burn the ghostly deep elf death mage!
You freeze the ghostly deep elf death mage.
The ghostly deep elf death mage is severely damaged.
A deep elf annihilator comes into view. It is wielding a +0 short sword.
The ghostly deep elf death mage draws life force from you!
The ghostly deep elf death mage is healed by the life force!
As you read the scroll of teleportation, it crumbles to dust.
You feel strangely unstable.
The ghostly deep elf death mage hits you with a +0 dagger.
The ghostly deep elf death mage attacks as it pursues you!
The ghostly deep elf death mage barely misses you.
Your surroundings suddenly seem different. 6 elves come into view.
The deep elf high priest shouts!
The deep elf sorcerer shouts!
The deep elf elementalist shouts!
The deep elf master archer shouts!
The deep elf death mage shouts!
The deep elf master archer shouts!
You hear a shout! x2
The deep elf elementalist hits you with a +0 short sword!
The deep elf high priest calls down the wrath of its god upon you.
Something smites you!
The deep elf death mage beckons forth restless souls!
The +1 dire flail of protection misses you.
The deep elf pyromancer shouts!
As you read the scroll of teleportation, it crumbles to dust.
You feel strangely unstable.
The +1 dire flail of protection barely misses you.
A deep elf blademaster comes into view. It is wielding two +0 rapiers.
The deep elf high priest utters a dark prayer and points at you.
Your life force is offered up.
The deep elf master archer wields a +0 longbow.
The deep elf master archer shoots an arrow.
The arrow hits you!!
* * * LOW HITPOINT WARNING * * *
The deep elf elementalist hits you with a +0 short sword.
* * * LOW HITPOINT WARNING * * *
The deep elf death mage beckons forth restless souls!
The +1 dire flail of protection hits you!!
You die...
Bones file is buggy: /crawl-master/crawl-0.31/saves/bones/bones.store.Elf Clearing bad bones file: /crawl-master/crawl-0.31/saves/bones/bones.store.Elf

##+## ###...###
##.......###
#..........###
#....***......
#....e........
#..*e.e.....e
#...@(e..e..
#....e.........###...
#...ee.*......e.#....
#.....................
#.............$e.......
#.............(........
#..........###.........
##.......### #.....#
#.#


You could see a deep elf blademaster, a deep elf death mage, 3 deep elf master
archers, a deep elf sorcerer, a deep elf elementalist (repels missiles), a deep
elf high priest, a deep elf pyromancer, 5 lost souls and a +1 dire flail of
protection.

Vanquished Creatures
  Nikola (Elf:1)
  Jorgrun (D:15)
  Rupert (D:12)
  A deep elf blademaster (Elf:3)
  Kirke (D:14)
  A deep elf sorcerer (Elf:2)
  A frost giant (IceCv)
  An orc warlord (Orc:2)
  A very ugly thing (D:15)
  A minotaur (Gauntlet)
  Snorg (D:10)
  A fire dragon (D:15)
  2 rakshasas
  4 hydras
  3 ogre magi (Orc:2)
  A catoblepas (Lair:5)
  8 centaur warriors
  6 two-headed ogres
  A ghost crab (Gauntlet)
  13 dancing weapons
  A boulder beetle (D:11)
  8 death yaks
  A deep troll earth mage (D:15)
  An orc high priest (Orc:2)
  Urug (D:12)
  Sonja (Lair:3)
  6 deep elf knights
  6 skysharks (Lair:5)
  A skeletal warrior (D:14)
  2 goliath frogs (Lair:5)
  2 bog bodies (Lair:3)
  7 deep elf archers
  25 deep elf zephyrmancers
  4 ugly things (D:15)
  23 deep elf pyromancers
  2 orc sorcerers
  An oklob plant (Lair:1)
  9 orc knights
  Maurice (D:8)
  2 manticores
  6 elephants
  3 cyclopes
  A black mamba (shapeshifter) (D:15)
  A faun (shapeshifter) (Elf:3)
  Joseph (D:8)
  3 meliai (Gauntlet)
  6 black mambas
  13 cane toads
  2 centaur skeletons (D:14)
  A gargoyle (D:10)
  An unseen horror (D:11)
  A rime drake (Lair:5)
  10 komodo dragons
  A yaktaur (shapeshifter) (D:13)
  2 kobold demonologists
  2 ice devils (D:11)
  Maggie (D:7)
  Psyche (D:12)
  2 tengu conjurers (D:14)
  11 polar bears
  Grinder (D:5)
  Prince Ribbit (D:5)
  27 blink frogs
  A raiju (shapeshifter) (D:14)
  8 trolls
  A tyrant leech (Lair:5)
  A raiju (Gauntlet)
  A dream sheep (shapeshifter) (D:15)
  A centaur simulacrum (D:11)
  3 slime creatures (D:12)
  An air elemental (Elf:1)
  A shadow (D:12)
  Sigmund (D:5)
  A spriggan (shapeshifter) (Elf:1)
  A culicivora (Lair:3)
  3 water elementals
  2 wraiths
  3 hogs (D:14)
  A wyvern (Lair:4)
  Eustachio (D:4)
  2 fire elementals
  58 yaks
  12 wargs
  9 vampire mosquitoes
  3 basilisks
  A redback (Lair:3)
  5 steam dragons
  An acid dragon (D:13)
  8 water moccasins
  36 orc warriors
  A black bear (Lair:2)
  A sky beast (D:6)
  A black bear (shapeshifter) (Elf:1)
  An ice beast (D:11)
  4 boggarts
  15 wolves
  10 centaurs
  8 ogres
  7 kobold brigands
  Blork the orc (D:4)
  A brain worm (Sewer)
  13 bullfrogs
  A gnoll sergeant (D:6)
  3 scorpions
  An earth elemental (Elf:2)
  8 wights
  12 killer bees
  6 electric eels
  6 howler monkeys
  2 gnoll boudas
  2 jellies
  18 orc priests
  2 hounds
  2 iguanas
  3 sleepcaps
  5 hell rats (Lair:4)
  32 orc wizards
  2 boggart skeletons (D:14)
  Robin (D:4)
  8 adders
  23 gnolls
  2 river rats (Sewer)
  A white imp (D:7)
  An ufetubus (D:11)
  6 ribbon worms
  2 dart slugs
  94 orcs
  7 endoplasms
  12 giant cockroaches
  17 goblins
  5 hobgoblins
  6 jackals
  3 quokkas
  9 ball pythons
  11 bats
  3 frilled lizards
  21 kobolds
  6 rats
824 creatures vanquished.

Vanquished Creatures (collateral kills)
  3 death yaks
  A skyshark (Lair:3)
  3 ugly things (D:15)
  An ice statue (IceCv)
  4 polar bears (IceCv)
  6 yaks
  A basilisk (Lair:2)
  2 wolves
  A gnoll (D:7)
  A white imp (D:5)
23 creatures vanquished.

Vanquished Creatures (others)
  A deep elf zephyrmancer (Elf:1)
  A yak (IceCv)
  A wolf (IceCv)
3 creatures vanquished.

Grand Total: 850 creatures vanquished

Notes
Turn   | Place    | Note
-------+----------+-------------------------------------------
     0 | D:1      | Kallu the Demigod Ice Elementalist began the quest for the
                  | Orb.
     0 | D:1      | Reached XP level 1. HP: 14/14 MP: 5/5
   296 | D:1      | Reached skill level 4 in Ice Magic
   370 | D:1      | Reached XP level 2. HP: 19/20 MP: 5/7
  1100 | D:2      | Reached XP level 3. HP: 26/26 MP: 2/8
  1503 | D:2      | Reached skill level 5 in Ice Magic
  1850 | D:2      | Learned a level 3 spell: Frozen Ramparts
  1860 | D:3      | Reached XP level 4. HP: 30/33 MP: 3/9
  2679 | D:4      | Noticed Eustachio
  2703 | D:4      | Killed Eustachio
  2704 | D:4      | Reached XP level 5. HP: 31/41 MP: 3/12
  2889 | D:4      | Noticed Blork the orc
  2903 | D:4      | Killed Blork the orc
  2904 | D:4      | Reached XP level 6. HP: 29/50 MP: 10/13
  2981 | D:4      | Learned a level 3 spell: Ozocubu's Armour
  2993 | D:4      | Noticed Robin
  3017 | D:4      | Killed Robin
  4051 | D:5      | Entered Level 5 of the Dungeon
  4175 | D:5      | Reached XP level 7. HP: 59/59 MP: 7/14
  4473 | D:5      | Found a staircase to the Ecumenical Temple.
  4605 | D:5      | Reached skill level 5 in Dodging
  4991 | D:5      | Noticed Grinder
  4993 | D:5      | Noticed Sigmund
  4996 | D:5      | Identified a scroll of acquirement
  4996 | D:5      | Acquired the +0 pair of boots of the Dozen Tables {rPois
                  | rC+ Dex+4}
  5000 | D:5      | Killed Grinder
  5000 | D:5      | Killed Sigmund
  5001 | D:5      | Reached skill level 5 in Spellcasting
  5001 | D:5      | Reached XP level 8. HP: 32/66 MP: 10/19
  5006 | D:5      | Learned a level 3 spell: Summon Ice Beast
  5182 | D:5      | Noticed Prince Ribbit
  5188 | D:5      | Killed Prince Ribbit
  5189 | D:5      | Reached skill level 1 in Summonings
  5189 | D:5      | Reached skill level 6 in Ice Magic
  5638 | D:6      | Reached skill level 7 in Ice Magic
  5854 | D:6      | Found a glowing drain.
  5858 | Sewer    | Entered a sewer
  6177 | Sewer    | Reached XP level 9. HP: 71/71 MP: 14/20
  6822 | D:6      | Reached skill level 8 in Ice Magic
  7002 | D:6      | Reached skill level 1 in Air Magic
  7410 | D:7      | Noticed Maggie
  7419 | D:7      | Killed Maggie
  7791 | D:7      | Reached skill level 5 in Fighting
  8704 | D:8      | Reached XP level 10. HP: 57/83 MP: 12/23
  9043 | D:8      | Noticed Joseph
  9044 | D:8      | Noticed Maurice
  9049 | D:8      | Maurice stole 243 gold
  9056 | D:8      | Killed Joseph
  9064 | D:8      | Killed Maurice
  9626 | D:9      | Found a runed translucent gate.
  9627 | D:9      | Found a runed translucent gate.
  9627 | D:9      | Noticed Valeaz's ghost (journeyman GnAE)
  9628 | D:9      | Found a runed translucent gate.
  9630 | D:9      | Identified the +1 chain mail of the Spheres {*Slow +Blink
                  | rPois rF+}
  9876 | D:9      | Noticed an orc sorcerer
  9901 | D:9      | Killed an orc sorcerer
 10467 | D:10     | Entered Level 10 of the Dungeon
 10579 | D:10     | Reached skill level 9 in Ice Magic
 10593 | D:10     | Noticed Snorg
 10761 | D:10     | Killed Snorg
 10762 | D:10     | Reached XP level 11. HP: 45/89 MP: 16/28
 10923 | D:10     | Found a transporter.
 10923 | D:10     | Noticed aloneDruid's ghost (journeyman OpSh)
 10996 | D:10     | Found a transporter.
 10997 | D:10     | Noticed a two-headed ogre
 11061 | D:10     | Reached skill level 10 in Ice Magic
 11164 | D:10     | Found a staircase to the Lair.
 11488 | D:11     | Found a frozen archway.
 11605 | IceCv    | Entered an ice cave
 11685 | IceCv    | Noticed a death yak
 11685 | IceCv    | Noticed a death yak
 11914 | IceCv    | Killed a death yak
 11915 | IceCv    | Killed a death yak
 11916 | IceCv    | Reached skill level 11 in Ice Magic
 12077 | IceCv    | Identified the ring of Deusoacet {Ice rElec Stlth+}
 12321 | IceCv    | Reached skill level 12 in Ice Magic
 12945 | IceCv    | Noticed a frost giant
 12945 | IceCv    | Noticed a death yak
 12945 | IceCv    | Noticed a death yak
 12990 | IceCv    | Killed a frost giant
 12991 | IceCv    | Reached skill level 13 in Ice Magic
 12991 | IceCv    | Reached XP level 12. HP: 46/96 MP: 25/29
 13251 | IceCv    | Reached skill level 1 in Long Blades
 13434 | IceCv    | Identified the +4 ring mail "Neczue" {+Blink rPois rF+ rN+}
 13624 | D:11     | Noticed a boulder beetle
 13655 | D:11     | Killed a boulder beetle
 14056 | Lair:1   | Entered Level 1 of the Lair of Beasts
 14835 | Lair:1   | Reached skill level 14 in Ice Magic
 15840 | Lair:1   | Learned a level 7 spell: Ozocubu's Refrigeration
 15845 | Lair:1   | Learned a level 4 spell: Airstrike
 16110 | Lair:2   | Learned a level 3 spell: Swiftness
 17440 | Lair:3   | Found a gate leading to a gauntlet.
 17443 | Lair:3   | Noticed an eight-headed hydra
 17447 | Lair:3   | Killed an eight-headed hydra
 17464 | Gauntlet | Entered a Gauntlet
 17464 | Gauntlet | Found a transporter.
 17464 | Gauntlet | Found a transporter.
 17574 | Gauntlet | Found a transporter.
 17577 | Gauntlet | Found a transporter.
 17577 | Gauntlet | Found a transporter.
 17578 | Gauntlet | Found a transporter.
 17582 | Gauntlet | Noticed a dire elephant
 17583 | Gauntlet | Noticed a ghost crab
 17587 | Gauntlet | Found a transporter.
 17591 | Gauntlet | Found a transporter.
 17595 | Gauntlet | Noticed a dire elephant
 17605 | Gauntlet | Found a transporter.
 17701 | Gauntlet | Found a transporter.
 17705 | Gauntlet | Found a transporter.
 17715 | Gauntlet | Found a transporter.
 17875 | Gauntlet | Identified the scarf of the Scuffed God {+Inv, Rampage
                  | Int+4}
 17909 | Gauntlet | Killed a ghost crab
 17910 | Gauntlet | Reached skill level 5 in Air Magic
 18093 | Gauntlet | Identified the amulet of Xom's Bemusement {Regen+ rCorr
                  | Slay+2}
 18173 | Gauntlet | Noticed a minotaur
 18178 | Gauntlet | Killed a minotaur
 18191 | Gauntlet | Identified the ring of Accord {rElec rN+ MP+9}
 18334 | Lair:3   | Found a staircase to the Swamp.
 18374 | Lair:3   | Noticed Sonja
 18426 | Lair:3   | Reached XP level 13. HP: 92/94 MP: 7/30
 18439 | Lair:3   | Killed Sonja
 18699 | Lair:3   | Reached skill level 10 in Spellcasting
 19727 | Lair:3   | Reached skill level 5 in Long Blades
 19886 | Lair:3   | Found a hole to the Spider Nest.
 20668 | Lair:4   | Found a staircase to the Slime Pits.
 21207 | Lair:5   | Entered Level 5 of the Lair of Beasts
 21963 | Lair:5   | Identified the ring of Tut Ipp {rN+ Str-5 Int+6}
 21983 | Lair:5   | Reached XP level 14. HP: 110/110 MP: 33/33
 23309 | D:11     | Reached skill level 1 in Armour
 23642 | D:11     | Found a staircase to the Orcish Mines.
 23925 | D:12     | Noticed Urug
 23931 | D:12     | Killed Urug
 24051 | D:12     | You fall into a shaft and drop 3 floors!
 24051 | D:15     | Entered Level 15 of the Dungeon
 24065 | D:15     | Noticed Jorgrun
 24934 | D:12     | Found Lenwegry's Antique Weapon Boutique.
 25030 | D:12     | Noticed Rupert
 25039 | D:12     | Killed Rupert
 25348 | D:12     | Noticed Psyche
 25351 | D:12     | Killed Psyche
 25700 | D:13     | Found a transporter.
 26180 | D:13     | Found a one-way gate to the infinite horrors of the Abyss.
 26184 | D:13     | Noticed Kokhlaf's ghost (journeyman DECj)
 26395 | D:13     | Found a transporter.
 26996 | D:14     | Noticed Kirke
 27002 | D:14     | Killed Kirke
 27589 | D:14     | Found a gate to the Vaults.
 27619 | D:14     | Reached skill level 5 in Evocations
 27760 | D:14     | Found Yppuor Sipp's General Store.
 27881 | D:14     | Bought a scroll of fog for 64 gold pieces
 27881 | D:14     | Bought a scroll of teleportation for 48 gold pieces
 27881 | D:14     | Bought 2 potions of invisibility for 256 gold pieces
 28533 | D:15     | Found a staircase to the Depths.
 28663 | D:15     | Reached XP level 15. HP: 90/115 MP: 33/35
 28762 | D:15     | Reached skill level 10 in Air Magic
 29482 | D:15     | Killed Jorgrun
 29731 | Orc:1    | Entered Level 1 of the Orcish Mines
 29916 | Orc:2    | Entered Level 2 of the Orcish Mines
 30641 | Orc:2    | Found Raveawn's Jewellery Shoppe.
 31406 | Orc:2    | Found Xoec's General Store.
 31412 | Orc:2    | Bought a scroll of summoning for 142 gold pieces
 31716 | Orc:2    | Found a staircase to the Elven Halls.
 31922 | Orc:2    | Found Ixtephea's Book Emporium.
 32049 | Elf:1    | Entered Level 1 of the Elven Halls
 32604 | Elf:1    | Paralysed by an air elemental for 1 turns
 32866 | Elf:1    | Noticed Nikola
 32882 | Elf:1    | Killed Nikola
 33173 | Elf:1    | Found a portal to a secret trove of treasure.
 33738 | Elf:1    | Identified the +0 chain mail of the World {Harm rElec rC++
                  | Will-}
 34069 | Elf:2    | Reached XP level 16. HP: 132/132 MP: 30/37
 34075 | Elf:2    | Reached skill level 10 in Fighting
 34656 | Elf:2    | Identified the +2 helmet of the New World {Rampage Str+3}
 34681 | Elf:2    | Reached skill level 15 in Ice Magic
 34746 | Elf:2    | Found a runed translucent gate.
 34747 | Elf:2    | Found a runed translucent gate.
 34747 | Elf:2    | Found a runed translucent gate.
 34851 | Elf:2    | Found Maboalyc's Weapon Shoppe.
 35112 | Elf:3    | Entered Level 3 of the Elven Halls
 35816 | Elf:3    | Noticed a deep elf master archer
 35817 | Elf:3    | Noticed a deep elf blademaster
 35823 | Elf:3    | Killed a deep elf blademaster
 35826 | Elf:3    | Killed a ghostly deep elf blademaster
 35831 | Elf:3    | Noticed a deep elf master archer
 35831 | Elf:3    | Noticed a deep elf master archer
 35832 | Elf:3    | Noticed a deep elf blademaster
 35832 | Elf:3    | Mangled by a +1 dire flail of protection

Illustrated notes

Levels and vault maps discovered:
D:1:      heliophobic_arrival_enchanted_forest, layout_loops_ring,
          serial_bayou_pond_d, minmay_distorted
D:2:      layout_loops_ring, corexii_corridor_pit
D:3:      layout_basic
D:4:      layout_cave_pods, mainiacjoe_overflow_brackets, uniq_robin,
          uniq_eustachio, uniq_blork_the_orc
D:5:      layout_loops_cross, minmay_temple_entry_antechambers,
          kennysheep_generic_room_8, uniq_grinder, uniq_prince_ribbit1,
          uniq_sigmund
D:6:      layout_basic, fedhas_ov_isle_minmay, okawaru_trees_1,
          gup_sewer_entry_bowl
D:7:      layout_loops_ring, nicolae_overflow_hidden_temple,
          hangedman_decor_opposing, uniq_maggie
D:8:      layout_loops_ring, uniq_maurice, uniq_joseph
D:9:      layout_basic, biasface_ghost_orc_armoury, minmay_librarian
D:10:     layout_basic, erik_lair_orcish_takeover, gammafunk_ghost_arena,
          grunt_decor_fettered, chequers_serial_rivers_micro_d, uniq_snorg
D:11:     layout_basic, david_orc_4, serial_ice, serial_ice_h, serial_ice_d,
          serial_ice_m, serial_ice_j, portal_ice_cave_demonic_guard,
          st_stairs_12
D:12:     layout_small_grid, serial_shops, nicolae_shop_window_shopping,
          serial_bayou_pond_a, uniq_urug, uniq_psyche, uniq_rupert
D:13:     layout_loops_corners, gammafunk_ghost_abyssal_escape,
          nicolae_ru_great_annihilating_truth
D:14:     layout_loops_ring, hangedman_vaults_entry_quadrant_bands,
          serial_shops, shop, minmay_misc_feat_pillars, uniq_kirke
D:15:     hellmonk_depths_entry_around_the_bend, layout_cave_pods,
          reono_crystal_passage, nzn_wu_jian_contemplation, uniq_jorgrun
Lair:1:   layout_gridlike, basic_altar, dpeg_stationary_puzzle,
          grunt_megastairs_3, lemuel_fruit_tree, serial_bayou_shore_a
Lair:2:   layout_layer_cave, minivault_11
Lair:3:   layout_hall_layers, skrybe_swamp_entry_bodies,
          spider_nest_entry_funnel_web, gauntlet_entry_generic,
          eino_small_chamber_without_monster, chequers_serial_rivers_small_b,
          grunt_megastairs_1, infiniplex_staircase_pool, uniq_sonja
Lair:4:   layout_loops_ring, slime_entry_1, serial_bayou_pond_d,
          serial_bayou_shore_b
Lair:5:   minmay_lair_end_frog_pond, layout_regular_city
Orc:1:    layout_caves, uniq_erolcha
Orc:2:    st_orc_town, layout_caves, basic_altar
Elf:1:    elf_arrival_001, layout_gridlike, enter_trove_1, basic_altar,
          hangedman_elven_crosses_minicolossus, uniq_nikola
Elf:2:    nicolae_elf_blades_crystal_corner, layout_rooms, serial_shops, shop,
          uniq_louise
Elf:3:    minmay_elf_hall, layout_loops_ring

Skill      XL: |  1  2  3  4  5  6  7  8  9 10 11 12 13 14 15 16 |
---------------+-------------------------------------------------+-----
Ice Magic      | 4 5 7 8 9 13 14 15 | 15.5
Spellcasting   | 3 5 6 9 11 12 | 12.0
Fighting       | 2 4 6 9 10 | 10.0
Dodging        | 3 5 6 9 |  9.0
Summonings     | 3 4 |  4.0
Air Magic      | 2 6 9 12 | 12.0
Evocations     | 3 6 |  6.0
Stealth        | 4 |  4.0
Long Blades    | 4 8 |  8.0
Armour         | 2 |  2.0

Action                     |  1- 3 |  4- 6 |  7- 9 | 10-12 | 13-15 | 16-18 || total
---------------------------+-------+-------+-------+-------+-------+-------++-------
  Melee: Staff             |    10 |       |       |       |       |       ||    10
         Dagger            |    45 |    51 |    35 |       |       |       ||   131
         Punch             |     1 |       |     4 |     7 |     6 |       ||    18
         Trident           |       |       |   114 |   104 |       |       ||   218
         Long sword        |       |       |    10 |   197 |       |       ||   207
         Double sword      |       |       |       |     6 |   447 |    10 ||   463
  Throw: Dart              |       |       |       |     9 |       |       ||     9
   Cast: Freeze            |    20 |       |       |    11 |       |       ||    31
         Frozen Ramparts   |     1 |    15 |    43 |    65 |    16 |       ||   140
         Ozocubu's Armour  |       |     3 |    18 |    48 |    17 |       ||    86
         Summon Ice Beast  |       |       |     3 |    39 |     6 |       ||    48
         Airstrike         |       |       |       |    16 |    94 |    36 ||   146
         Ozocubu's Refrige |       |       |       |     8 |   195 |    19 ||   222
         Swiftness         |       |       |       |       |     2 |       ||     2
Ability: Evoke Invisibilit |       |       |       |     1 |       |       ||     1
  Evoke: Wand              |       |       |       |    13 |     1 |       ||    14
         Lightning rod     |       |       |       |     3 |     4 |       ||     7
         Phial of floods   |       |       |       |       |     2 |       ||     2
         Condenser vane    |       |       |       |       |     1 |       ||     1
    Use: Scroll            |       |     4 |     8 |    11 |     9 |     2 ||    34
         Potion            |       |       |       |     2 |       |       ||     2
   Stab: Sleeping          |     3 |     1 |     4 |     1 |    10 |     1 ||    20
         Distracted        |       |       |       |     4 |     2 |       ||     6
 Armour: Robe              |    28 |     7 |       |       |       |       ||    35
         Leather armour    |       |    27 |    89 |   310 |   347 |    21 ||   794
  Dodge: Dodged            |    33 |    44 |   204 |   477 |   431 |    23 ||  1212
